 Dungeon Crawl Stone Soup version 0.28-a0-909-g796cbd3a86 (webtiles) character file.

Game seed: 10466409671454174945

291 siradein the Insei (level 6, -4/51 HPs)
             Began as a Draconian Transmuter on Nov 24, 2021.
             Killed by nerve-wracking pain
             ... invoked by Grinder
              (11 damage)
             ... on level 4 of the Dungeon.
             The game lasted 00:08:01 (3256 turns).

siradein the Insei (Draconian Transmuter)           Turns: 3256, Time: 00:08:03

Health: -4/51      AC:  2    Str: 18    XL:     6   Next: 10%
Magic:  7/10       EV: 20    Int: 15    God:
Gold:   117        SH:  5    Dex: 17    Spells: 1/11 levels left

rFire   . . .      SeeInvis .     - Unarmed
rCold   + . .      Faith    .   (shield currently unavailable)
rNeg    . . .      Spirit   .   (armour unavailable)
rPois   x          Reflect  +   (helmet currently unavailable)
rElec   .          Harm     .   (cloak currently unavailable)
rCorr   .          Rampage  .   (gloves currently unavailable)
Will    .....                   (boots currently unavailable)
Stlth   ++........              g - amulet of reflection
HPRegen 0.17/turn               b - ring of protection from cold
MPRegen 0.12/turn               e - +6 ring of strength

@: spider-form
A: venomous fangs, AC +6, tiny, unfitting armour, (cold-blooded)
a: End Transformation


You were on level 4 of the Dungeon.
You were a venomous arachnid creature.
You visited 1 branch of the dungeon, and saw 4 of its levels.

You collected 117 gold pieces.

Inventory:

Jewellery
 a - a ring of wizardry
 b - a ring of protection from cold (left front leg)
 e - a +6 ring of strength (right front leg)
 g - an amulet of reflection (around neck)
 l - a ring of protection from cold
Scrolls
 d - a scroll of noise {unknown}
 f - 2 scrolls of identify {unknown}
 j - a scroll of amnesia {unknown}
 k - a scroll of teleportation {unknown}
 n - a scroll of summoning {unknown}
 p - a scroll of fear {unknown}
Potions
 c - a potion of berserk rage {unknown}
 h - a potion of flight {unknown}
 i - a potion of haste {unknown}
 m - a potion of curing {unknown}
 o - a potion of heal wounds {unknown}
 q - 2 potions of degeneration {unknown}


   Skills:
 + Level 3.0 Fighting
 + Level 3.0 Dodging
 + Level 4.0 Unarmed Combat
 + Level 3.2 Spellcasting
 + Level 3.2 Transmutations


You had one spell level left.
You knew the following spells:

 Your Spells              Type           Power      Damage    Failure   Level
a - Beastly Appendage     Tmut           24%        N/A       14%         1
b - Wereblood             Tmut           12%        N/A       21%         2
c - Spider Form           Tmut/Pois      7%         N/A       52%         3
d - Ice Form              Ice/Tmut       7%         N/A       86%         4

Your spell library contained the following spells:

 Spells                   Type           Power      Damage    Failure   Level
 Call Canine Familiar     Summ           2%         N/A       73%         3
 Portal Projectile        Hex/Tloc       4%         N/A       73%         3
 Leda's Liquefaction      Hex/Erth       1%         N/A       97%         4


Dungeon Overview and Level Annotations

Branches:
Dungeon (4/15)
 Temple: D:4-7

Altars:

Annotations:
D:4 Grinder


Innate Abilities, Weirdness & Mutations

You are a venomous arachnid creature.
You have poisonous fangs.
You are tiny and dextrous.
Your spellcasting is less reliable in this form.
Your armour is entirely melded.
You are incapable of wielding weapons or throwing items.
((Your plain brown scales are hard. (AC +6)))
You cannot fit into any form of body armour.
((You are cold-blooded and may be slowed by cold attacks.))


Message History

Grinder hits you but does no damage.
You barely miss Grinder.
Grinder is moderately wounded.
Grinder closely misses you.
You hit Grinder.
Grinder is moderately wounded.
Grinder blinks!
You howl as the wereblood boils in your veins!
Grinder says, "Don't move a muscle."
Your primal bloodlust has ended.
Casting: Beastly Appendage (safe; 4% risk of failure)
Press: ? - help, Q - select action, (/) - cycle Dir - look around, f - activate You grow a pair of large bovine horns.
Your feet morph into talons.
Casting: Beastly Appendage (safe; 4% risk of failure)
Confirm with . or Enter, or press ? or * to list all spells.
Your horns disappear.
Your talons disappear.
You turn into a venomous arachnid creature.
You block Grinder's attack.
Grinder is nearby!
You barely miss Grinder.
Grinder is lightly wounded.
Grinder hits you!
You hit Grinder.
Grinder is moderately wounded.
You block Grinder's attack.
You bite Grinder!
Grinder is heavily wounded.
Grinder hits you.
You barely miss Grinder.
Grinder is heavily wounded.
Grinder misses you.
You bite Grinder!
Grinder is severely wounded.
Grinder hits you!
* * * LOW HITPOINT WARNING * * *
You hit Grinder but do no damage.
Grinder is severely wounded.
Grinder gestures at you. Pain shoots through your body!
You die...

#...# #. ....### #.####
....... ...... .......
...... >......
#....#####...[...
#............... .
#.#...s......... ..
#..5###'###?## #..
#....## ##...# #..#
##)#..###.....###..#
#...).#.......#..#
#......## ##..####
#.......## ##.......
............###....####
..#..........#..#..#


You could see Grinder.

Vanquished Creatures
  Sigmund (D:2)
  A howler monkey (D:3)
  An adder (D:2)
  An adder skeleton (D:4)
  A worm (D:3)
  4 orcs
  4 ball pythons
  7 endoplasms
  7 goblins
  7 hobgoblins
  6 jackals
  9 kobolds
  2 quokkas
  9 bats
  6 frilled lizards
  A hobgoblin zombie (D:4)
  2 rats
69 creatures vanquished.

Notes
Turn   | Place    | Note
-------+----------+-------------------------------------------
     0 | D:1      | siradein the Draconian Transmuter began the quest for the
                  | Orb.
     0 | D:1      | Reached XP level 1. HP: 16/16 MP: 3/3
    17 | D:1      | Found a faded altar of an unknown god.
   463 | D:1      | Reached XP level 2. HP: 18/23 MP: 3/5
   466 | D:1      | Learned a level 2 spell: Wereblood
  1423 | D:2      | Reached XP level 3. HP: 29/29 MP: 4/6
  1561 | D:2      | Noticed Sigmund
  1573 | D:2      | Killed Sigmund
  1574 | D:2      | Reached XP level 4. HP: 37/37 MP: 4/8
  1574 | D:2      | Reached XP level 5. HP: 42/42 MP: 4/9
  2470 | D:2      | Learned a level 3 spell: Spider Form
  2475 | D:2      | Learned a level 4 spell: Ice Form
  2869 | D:3      | Reached skill level 4 in Unarmed Combat
  3007 | D:3      | Reached XP level 6. HP: 51/51 MP: 8/10
  3214 | D:4      | Noticed Grinder
  3229 | D:4      | Paralysed by Grinder for 5 turns
  3256 | D:4      | Killed from afar by Grinder

Illustrated notes

Levels and vault maps discovered:
D:1:      minmay_arrival_four_houses, layout_loops_ring, basic_ecumenical_altar
D:2:      layout_basic, guppyfry_early_orc_mine, uniq_sigmund
D:3:      layout_rooms
D:4:      layout_basic, serial_shops, nicolae_shop_trees,
          nicolae_ossuary_entry_giza, uniq_crazy_yiuf_cottage, uniq_grinder,
          uniq_ijyb

Skill      XL: |  1  2  3  4  5 |
---------------+----------------+-----
Dodging        | 2 3 |  3.0
Fighting       | 2 3 |  3.0
Spellcasting   | 3 |  3.2
Transmutations | 3 |  3.2
Unarmed Combat | 4 |  4.0

Action                   |  1- 3 |  4- 6 || total
-------------------------+-------+-------++-------
Melee: Unarmed           |    78 |    75 ||   153
       Kick              |    17 |    18 ||    35
       Headbutt          |    15 |    12 ||    27
       Tailslap          |     2 |     4 ||     6
       Punch             |     1 |     1 ||     2
 Cast: Beastly Appendage |    23 |    18 ||    41
       Wereblood         |     1 |     2 ||     3
       Spider Form       |       |     1 ||     1
 Stab: Sleeping          |       |     1 ||     1
Armor: Skin              |    11 |    17 ||    28
Dodge: Dodged            |    44 |    35 ||    79
Block: Other             |    15 |    15 ||    30

Table legend: (Time is in decaauts)
 A = Elapsed time spent in this place.
 B = Non-inter-level travel time spent in this place.
 C = Inter-level travel time spent in this place.
 D = Time resting spent in this place.
 E = Time spent auto-exploring this place.
 F = Levels seen in this place.
 G = Mean time per level.
                   A        B        C        D        E       F      G
               +--------+--------+--------+--------+--------+-----+--------+
         Total |   3245 |   3173 |     72 |     55 |   2605 |   4 |  811.2 |
       Dungeon |   3245 |   3173 |     72 |     55 |   2605 |   4 |  811.2 |
               +--------+--------+--------+--------+--------+-----+--------+

Top non-repeatable levels by time:
     D:1: 1312 daAuts
     D:2: 1205 daAuts
     D:3: 662 daAuts
     D:4: 65 daAuts
